 Dungeon Crawl Stone Soup version 0.24.0-123-gd5b16e6ec5 (webtiles) character file.

Game seed: 12601733350205926926, levelgen mode: deterministic

2300 glosham the Fighter (level 9, -5/83 HPs)
             Began as a Mummy Abyssal Knight on Jan 15, 2020.
             Was a High Priest of Lugonu.
             Slain by Nebesus's ghost (8 damage)
             ... on level 6 of the Dungeon.
             The game lasted 01:25:47 (5464 turns).

glosham the Fighter (Mummy Abyssal Knight)          Turns: 5464, Time: 01:25:48

Health: -5/83      AC: 14    Str: 19    XL:     9   Next: 17%
Magic:  10/10      EV: 11    Int: 14    God:    Lugonu [*****.]
Gold:   151        SH:  0    Dex: 11    Spells: 8/8 levels left

rFire    x . .     SeeInvis .   a - +2 scimitar (freeze)
rCold    + + .     Gourm    .   (no shield)
rNeg     + + +     Faith    .   X - +2 chain mail {rC+}
rPois    ∞         Spirit   .   U - +0 helmet
rElec    .         Reflect  .   (no cloak)
rCorr    .         Harm     .   V - +1 pair of gloves
MR       +....                  W - +0 pair of boots
Stlth    ..........             (no amulet)
HPRegen  0.23/turn              A - +4 ring of evasion
MPRegen  0.12/turn              B - +3 ring of strength

@: no status effects
A: no food or potions, fire vulnerability, cold resistance 1, negative energy
resistance 3, torment resistance, unbreathing
a: Depart the Abyss, Bend Space, Banish, Corrupt, Enter the Abyss, Renounce
Religion


You were on level 6 of the Dungeon.
You worshipped Lugonu.
Lugonu was extremely pleased with you.
You were not hungry.

You visited 1 branch of the dungeon, and saw 6 of its levels.
You visited the Abyss 1 time.
You also visited: Sewer.

You collected 385 gold pieces.
You spent 234 gold pieces at shops.

Inventory:

Hand Weapons
 a - a +2 scimitar of freezing (weapon)
 b - a +1 spear
 c - a +0 hunting sling
 e - a +0 war axe of chopping
 n - a +0 trident
 w - a +0 rapier
 x - the cursed +1 rapier "Defotela" {pierce, MR- Dex+5}
   (You bought it in a shop on level 4 of the Dungeon)

   It inflicts extra damage upon your enemies.
   It affects your dexterity (+5).
   It affects your resistance to hostile enchantments.
   It has a curse placed upon it.
 y - a +0 shortbow
 z - a +0 dagger of venom
 G - a +0 battleaxe
 K - a +2 short sword of freezing
 L - a +0 glaive
Missiles
 d - 167 stones
 j - 35 poisoned darts
 l - 26 sling bullets
 p - 6 silver boomerangs
 r - 15 bolts
 t - 4 curare-tipped darts (quivered)
 v - 64 arrows
 D - 13 boomerangs
Armour
 q - a +0 buckler
 s - a +1 animal skin
 H - a +0 ring mail
 I - a +3 leather armour
 U - a +0 helmet (worn)
 V - a +1 pair of gloves (worn)
 W - a +0 pair of boots (worn)
 X - a +2 chain mail of cold resistance (worn)
Jewellery
 A - a +4 ring of evasion (left hand)
 B - a +3 ring of strength (right hand)
 C - an uncursed ring of ice
 F - an uncursed ring of flight
Wands
 g - a wand of digging (8)
 i - a wand of paralysis (2)
 u - a wand of polymorph (6)
Scrolls
 f - 2 scrolls of noise
 h - a scroll of magic mapping
 k - 2 scrolls of teleportation
 m - a scroll of fog
 o - a scroll of remove curse
 E - a scroll of enchant weapon {unknown}
 J - a scroll of amnesia


   Skills:
 * Level 12.3 Fighting
 - Level 1.5 Polearms
 - Level 1.5 Armour
 - Level 0.7 Dodging
 - Level 1.5 Invocations


You had 8 spell levels left.
You didn't know any spells.
Your spell library was empty.

Dungeon Overview and Level Annotations

Branches:
Dungeon (6/15)             Temple (0/1) D:5           Sewer (visited)

Altars:
Beogh

Shops:
D:4 (

Annotations:
D:6 Nebesus's ghost, novice MiFi


Innate Abilities, Weirdness & Mutations

You do not eat or drink.
Your flesh is vulnerable to fire.
You are immune to poison.
Your flesh is cold resistant. (rC+)
You are immune to negative energy. (rN+++)
You are immune to unholy pain and torment.
You can survive without breathing.


Message History

Nebesus's ghost hits you but does no damage.
Nebesus's ghost barely misses you.
You closely miss Nebesus's ghost.
Nebesus's ghost is heavily damaged.
Nebesus's ghost hits you but does no damage.
You hit Nebesus's ghost but do no damage.
Nebesus's ghost is heavily damaged.
Nebesus's ghost closely misses you.
You riposte.
You hit Nebesus's ghost.
Nebesus's ghost is heavily damaged.
Nebesus's ghost misses you.
You hit Nebesus's ghost.
Nebesus's ghost is heavily damaged.
Nebesus's ghost hits you.
You closely miss Nebesus's ghost.
Nebesus's ghost is heavily damaged.
Nebesus's ghost hits you!
You closely miss Nebesus's ghost.
Nebesus's ghost is heavily damaged.
Nebesus's ghost hits you!
* * * LOW HITPOINT WARNING * * *
Nebesus's ghost hits you but does no damage.
You hit Nebesus's ghost.
Nebesus's ghost is heavily damaged.
Nebesus's ghost hits you but does no damage.
You hit Nebesus's ghost but do no damage.
Nebesus's ghost is heavily damaged.
Nebesus's ghost hits you but does no damage.
Nebesus's ghost hits you!
* * * LOW HITPOINT WARNING * * *
You see here a leather armour.
A centaur comes into view.
The centaur shouts!
The centaur wields a +0 shortbow.
The centaur shoots an arrow.
The arrow hits you.
* * * LOW HITPOINT WARNING * * *
You see here an arrow.
Nebesus's ghost closely misses you.
You riposte.
You slash Nebesus's ghost!
Nebesus's ghost is severely damaged.
Nebesus's ghost hits you!
You die...

8# #.# #.# .## #.# #.## ..#
#.# ###..######## ## 8.#
#.# #......^....# #. ..#
#.# *** #.##.######.# #.
..####)###.####....## #.#
#.
8.#.)).##......÷÷...#####.#
#.
..########.####.<##.......#
#. ..# *,,,,,*
#.@########[# #.
8.#****,***,* #.W# #.# #.
..#,,,,,* *,* #.(# #.# #.
..#****,***,* #..# #.# #.
..# *,,,,,*##..########.#
#. ..#
***,,**#............# #.
8.# *,,#..c..#.###....# #.
### *,,#.#.###.##.....## #.
##
*,,#.#.**#.#.......#####.


You could see a centaur and Nebesus's ghost.

Vanquished Creatures
  An orc warrior (D:6)
  2 ice beasts
  An ogre (D:6)
  A phantom (D:4)
  2 centaurs
  8 big kobolds (Sewer)
  3 bullfrogs (D:6)
  2 scorpions
  A centaur zombie (D:6)
  3 crimson imps
  2 orc priests
  A hound (D:4)
  7 orc wizards
  A bullfrog skeleton (D:4)
  Terence (D:3)
  3 worker ants (D:4)
  Robin (D:3)
  A worker ant zombie (D:5)
  4 gnolls (D:4)
  A river rat (Sewer)
  6 adders
  3 oozes (Sewer)
  An adder skeleton (D:4)
  8 worms
  2 dart slugs (D:1)
  A leopard gecko (D:6)
  32 orcs
  4 ball pythons
  4 giant cockroaches
  17 goblins
  10 hobgoblins
  6 jackals
  13 kobolds
  4 quokkas
  4 bats
  7 frilled lizards
  2 jackal skeletons
  A jackal zombie (D:5)
  A leopard gecko skeleton (D:5)
  18 rats
190 creatures vanquished.

Notes
Turn   | Place    | Note
-------+----------+-------------------------------------------
     0 | Abyss:1  | glosham the Mummy Abyssal Knight began the quest for the
                  | Orb.
     0 | Abyss:1  | Reached XP level 1. HP: 18/18 MP: 2/2
    80 | Abyss:2  | Noticed a shadow
    80 | Abyss:2  | Noticed a large abomination
    96 | D:1      | Escaped the Abyss
   120 | D:1      | Reached * piety under Lugonu
   139 | D:1      | Reached XP level 2. HP: 24/24 MP: 3/3
   279 | D:1      | Reached skill level 4 in Fighting
   369 | D:1      | Reached XP level 3. HP: 16/30 MP: 4/4
   556 | D:2      | Reached ** piety under Lugonu
   808 | D:2      | Found a faded altar of an unknown god.
  1191 | D:3      | Reached XP level 4. HP: 38/38 MP: 5/5
  1266 | D:3      | Reached skill level 5 in Fighting
  1337 | D:3      | Noticed Robin
  1426 | D:3      | Killed Robin
  1433 | D:3      | Reached *** piety under Lugonu
  1724 | D:3      | Reached XP level 5. HP: 43/46 MP: 6/6
  1828 | D:3      | Noticed Terence
  1842 | D:3      | Killed Terence
  1842 | D:3      | Reached skill level 6 in Fighting
  1991 | D:4      | Found a glowing drain.
  2025 | Sewer    | Entered a sewer
  2123 | Sewer    | Reached XP level 6. HP: 53/53 MP: 7/7
  2144 | Sewer    | Reached skill level 7 in Fighting
  2293 | Sewer    | Reached skill level 8 in Fighting
  2293 | Sewer    | Reached XP level 7. HP: 49/62 MP: 8/8
  2521 | Sewer    | Reached skill level 9 in Fighting
  2649 | D:4      | Reached **** piety under Lugonu
  2754 | D:4      | Found Val Waur's Antique Weapon Shop.
  2879 | D:4      | Reached XP level 8. HP: 69/72 MP: 9/9
  2896 | D:4      | Reached skill level 10 in Fighting
  3055 | D:4      | Bought a warped rapier for 234 gold pieces
  3088 | D:5      | Entered Level 5 of the Dungeon
  3381 | D:5      | Identified the cursed +1 rapier "Defotela" {pierce, MR-
                  | Dex+5} (You bought it in a shop on level 4 of the Dungeon)
  3434 | D:5      | Found a staircase to the Ecumenical Temple.
  3792 | D:5      | Reached skill level 11 in Fighting
  4113 | D:6      | Found a runed translucent door.
  4208 | D:6      | HP: 6/76 [orc/+0 trident (2)]
  4216 | D:6      | HP: 3/76 [orc/+0 hand axe (4)]
  4514 | D:6      | Reached ***** piety under Lugonu
  4536 | D:6      | Reached XP level 9. HP: 53/82 MP: 10/10
  4617 | D:6      | Found a roughly hewn altar of Beogh.
  4689 | D:6      | Reached skill level 12 in Fighting
  4775 | D:6      | Found a runed translucent door.
  4778 | D:6      | Noticed Nebesus's ghost (novice MiFi)
  5459 | D:6      | HP: 8/83 [Nebesus's ghost (12)]
  5462 | D:6      | HP: 2/83 [centaur/arrow (6)]
  5464 | D:6      | Slain by Nebesus's ghost

Levels and vault maps discovered:
D:1:      psy_arrival_terrarium, layout_rooms, corner_web_ring
D:2:      layout_loops_cross, first_ration, chequers_ecumenical_altar_island
D:3:      layout_basic, nrook_loot_triangle, uniq_terence, uniq_robin
D:4:      layout_basic, cheibrodos_sewer_entry_bend, serial_shops, shop
D:5:      layout_layer_cave, minmay_temple_entry_mini_moons
D:6:      layout_loops_ring, serial_shops, shop, ebering_ghost_sewer_f,
          lightli_church_of_beogh, uniq_duvessa

Skill      XL: |  1  2  3  4  5  6  7  8  9 |
---------------+----------------------------+-----
Fighting       | 4 5 6 8 9 11 12 | 12.3
Polearms       | |  1.5
Armour         | |  1.5
Dodging        | |  0.7
Invocations    | |  1.5

Action                   |  1- 3 |  4- 6 |  7- 9 || total
-------------------------+-------+-------+-------++-------
Melee: Scimitar          |    99 |   139 |   297 ||   535
 Fire: Hunting sling     |       |       |     8 ||     8
Throw: Stone             |     4 |       |       ||     4
       Dart              |     3 |    48 |    30 ||    81
Invok: Depart the Abyss  |     1 |       |       ||     1
Evoke: Wand              |       |     3 |     5 ||     8
  Use: Scroll            |     7 |     2 |     9 ||    18
 Stab: Sleeping          |     1 |       |       ||     1
Armor: Leather armour    |    12 |       |     2 ||    14
       Ring mail         |     3 |    36 |    47 ||    86
       Chain mail        |       |       |    69 ||    69
Dodge: Dodged            |    63 |   104 |   193 ||   360
       Rpst.: Scimitar   |    16 |    23 |    54 ||    93

Table legend:
 A = Turns spent in this place as a percentage of turns spent in the entire game.
 B = Non-inter-level travel turns spent in this place as a percentage of non-inter-level travel turns spent in the entire game.
 C = Inter-level travel turns spent in this place as a percentage of turns spent in this place.
 D = Turns resting spent in this place as a percentage of non-inter-level travel turns spent in this place.
 E = Turns spent auto-exploring this place as a percentage of non-inter-level travel turns spent in this place.
 F = Non-inter-level travel turns spent in this place divided by the number of levels of this place that you've seen.
                   A       B       C       D       E      F
               +-------+-------+-------+-------+-------+----------------------
         Total | 100.0 | 100.0 |   4.0 |  16.1 |   0.3 | 582.9
       Dungeon |  88.5 |  88.0 |   4.5 |  18.0 |   0.4 | 769.7
         Abyss |   1.8 |   1.8 |   0.0 |   0.0 |   0.0 |  48.0
         Sewer |   9.7 |  10.1 |   0.0 |   2.8 |   0.0 | 532.0
               +-------+-------+-------+-------+-------+----------------------

Table legend:
 A = Kills in this place as a percentage of kills in entire the game.
 B = Kills by you in this place as a percentage of kills by you in the entire game.
 C = Kills by friends in this place as a percentage of kills by friends in the entire game.
 D = Other kills in this place as a percentage of other kills in the entire game.
 E = Experience gained in this place as a percentage of experience gained in the entire game.
 F = Experience gained in this place divided by the number of levels of this place that you have seen.
                   A       B       C       D       E      F
               +-------+-------+-------+-------+-------+----------------------
         Total | 100.0 | 100.0 |   N/A |   N/A | 100.0 | 365.1
       Dungeon |  85.3 |  85.3 |   N/A |   N/A |  74.0 | 405.0
         Sewer |  14.7 |  14.7 |   N/A |   N/A |  26.0 | 856.0
               +-------+-------+-------+-------+-------+----------------------

Levels and vault maps discovered:
D:1:      psy_arrival_terrarium, layout_rooms, corner_web_ring
D:2:      layout_loops_cross, first_ration, chequers_ecumenical_altar_island
D:3:      layout_basic, nrook_loot_triangle, uniq_terence, uniq_robin
D:4:      layout_basic, cheibrodos_sewer_entry_bend, serial_shops, shop
D:5:      layout_layer_cave, minmay_temple_entry_mini_moons
D:6:      layout_loops_ring, serial_shops, shop, ebering_ghost_sewer_f,
          lightli_church_of_beogh, uniq_duvessa
